 Dungeon Sprint DCSS version 0.30-a0-305-g026cb31310 (webtiles) character file.

Game seed: 7605589658863648481

129048 wilfster70 the End of an Era (level 17, -7/174 HPs)
             Began as a Formicid Fighter on Oct 21, 2022.
             Was the Champion of Qazlal.
             Killed from afar by Buhyet the pandemonium lord (65 damage)
             ... with an arc of chain lightning
             ... in the Dungeon (Sprint VII: "The Pits").
             The game lasted 00:25:38 (5704 turns).

wilfster70 the End of an Era (Formicid Fighter)     Turns: 5704, Time: 00:25:38

Health: -7/174     AC: 45    Str: 25    XL:     17   Next: 25%
Magic:  43/43      EV:  5    Int: 10    God:    Qazlal [******]
Gold:   191        SH: 36    Dex: 19    Spells: 16/16 levels left

rFire   + + .      SeeInvis +    b - +3 lajatang
rCold   + + +      Faith    .    x - +2 tower shield {AC+3}
rNeg    . . .      Spirit   .    y - +10 gold dragon scales
rPois   +          Reflect  +    (helmet unavailable)
rElec   +          Harm     .    J - +2 cloak
rCorr   +          Rampage  .    z - +1 pair of gloves
Will    +++++                    m - +2 pair of boots
Stlth   ..........               t - amulet "Suzaf" {Reflect rPois Will+ Slay+3 SH+5}
HPRegen 0.49/turn                C - ring of Xom's Full Attention {*Slow rPois Will+++ rCorr Dex+6}
MPRegen 0.28/turn                G - ring "Dyxorch" {rF+ rC++ Will+ rCorr MP+9 Str-2}

@: protected from electricity, studying Long Blades, repel missiles
A: permanent stasis, dig shafts and tunnels, antennae 3, four strong arms
}: 1/3 runes: silver
a: Dig, Renounce Religion, Upheaval, Elemental Force, Disaster Area


You were in the Dungeon.
You worshipped Qazlal.
Qazlal was exalted by your worship.
You visited 1 branch You collected 191 gold pieces.

Inventory:

Hand Weapons
 a - a +6 quarterstaff of speed
 b - a +3 lajatang (weapon)
 e - the +3 greatsling "Punk" {acid, rCorr}
   (You found it in the Dungeon)

   Any ammunition fired from it is coated in acid, damaging and corroding those
   it strikes.
   rCorr:     It protects you from acid and corrosion.
Armour
 m - a +2 pair of boots (worn)
 x - a +2 tower shield of protection (worn)
 y - +10 gold dragon scales (worn)
 z - a +1 pair of gloves (worn)
 J - a +2 cloak (worn)
Jewellery
 c - the amulet "Tustutz" {rC+ Regen+ Dex+4}
   (You found it in the Dungeon)

   [amulet of regeneration]

   Dex:       It affects your dexterity (+4).
   rC:        It protects you from cold.
   Regen:     It increases your rate of health regeneration.
 k - the amulet of Pyromania {Reflect rN+ Dex+6 SH+5}
   (You found it in the Dungeon)

   [amulet of reflection]

   It reflects blocked missile attacks.
   Dex:       It affects your dexterity (+6).
   rN:        It protects you from negative energy.
   SH:        It affects your SH (+5).
 l - an amulet of the acrobat
 t - the amulet "Suzaf" (around neck) {Reflect rPois Will+ Slay+3 SH+5}
   (You found it in the Dungeon)

   [amulet of reflection]

   It reflects blocked missile attacks.
   Slay:      It affects your accuracy & damage with ranged weapons and melee
   (+3).
   rPois:     It protects you from poison.
   SH:        It affects your SH (+5).
   Will:      It increases your willpower.
 B - the ring "Wucisen" {rF+ MP+9 Dex+2}
   (You found it in the Dungeon)

   [ring of protection from fire]

   Dex:       It affects your dexterity (+2).
   rF:        It protects you from fire.
   MP:        It affects your magic capacity (+9).
 C - the ring of Xom's Full Attention (left hand) {*Slow rPois Will+++ rCorr Dex+6}
   (You found it in the Dungeon)

   [ring of dexterity]

   Dex:       It affects your dexterity (+6).
   rPois:     It protects you from poison.
   rCorr:     It protects you from acid and corrosion.
   *Slow:     It may slow you when you take damage.
   Will:      It greatly increases your willpower.
 D - the ring "Ujinosm" {rN+ Str+3 Int+6 Dex+3}
   (You found it in the Dungeon)

   [ring of intelligence]

   Str:       It affects your strength (+3).
   Int:       It affects your intelligence (+6).
   Dex:       It affects your dexterity (+3).
   rN:        It protects you from negative energy.
 E - the ring "Yherulint" {Fire rElec Dex+4 Slay+2}
   (You found it in the Dungeon)

   [ring of fire]

   It enhances your fire magic.
   Dex:       It affects your dexterity (+4).
   Slay:      It affects your accuracy & damage with ranged weapons and melee
   (+2).
   rF:        It protects you from fire.
   rC:        It makes you vulnerable to cold.
   rElec:     It insulates you from electricity.
 F - the amulet of Neith {Reflect Rampage Str+4 SH+5}
   (You found it in the Dungeon)

   [amulet of reflection]

   It reflects blocked missile attacks.
   Str:       It affects your strength (+4).
   SH:        It affects your SH (+5).
   Rampage:   It bestows one free step when moving towards enemies.
 G - the ring "Dyxorch" (right hand) {rF+ rC++ Will+ rCorr MP+9 Str-2}
   (You found it in the Dungeon)

   [ring of protection from fire]

   Str:       It affects your strength (-2).
   rF:        It protects you from fire.
   rC:        It greatly protects you from cold.
   MP:        It affects your magic capacity (+9).
   rCorr:     It protects you from acid and corrosion.
   Will:      It increases your willpower.
 M - a ring of wizardry
Wands
 p - a wand of charming (6)
Scrolls
 i - 6 scrolls of amnesia
 j - a scroll of summoning
 n - 3 scrolls of fear
 o - 4 scrolls of fog
 r - 2 scrolls of identify
 w - a scroll of enchant armour
 H - 3 scrolls of poison
 N - a scroll of magic mapping
Potions
 d - 11 potions of curing
 f - 27 potions of heal wounds
 g - 8 potions of magic
 h - 3 potions of invisibility
 s - 2 potions of might
 A - 3 potions of mutation
 K - 3 potions of brilliance
 L - a potion of resistance
Miscellaneous
 q - a phantom mirror
 u - a box of beasts
 v - a phial of floods
 I - a condenser vane


   Skills:
 O Level 27 Fighting
 - Level 14.0 Staves
 + Level 14.5 Ranged Weapons
 - Level 18.1 Armour
 - Level 16.6 Shields
 O Level 27 Invocations
 O Level 27 Evocations


You had 16 spell levels left.
You didn't know any spells.
Your spell library contained the following spells:

 Spells                   Type           Power      Damage    Failure   Level
 Foxfire                  Conj/Fire      0%         2x1d4     100%        1
 Shock                    Conj/Air       0%         1d3       100%        1
 Call Imp                 Summ           0%         N/A       100%        2
 Cigotuvi's Dreadful Rot  Necr/Pois/Air  0%         N/A       100%        2
 Ensorcelled Hibernation  Hex/Ice        0%         N/A       100%        2
 Poisonous Vapours        Pois/Air       0%         N/A       100%        2
 Static Discharge         Conj/Air       0%         2-2/arc   100%        2
 Sublimation of Blood     Necr           0%         N/A       100%        2
 Dazzling Flash           Conj/Hex       0%         N/A       100%        3
 Frozen Ramparts          Ice            0%         1d1       100%        3
 Ignite Poison            Fire/Tmut/Pois 0%         N/A       100%        3
 Kindle Blastsparks       Fire/Tloc/Air  0%         2d10      100%        3
 Mephitic Cloud           Conj/Pois/Air  0%         N/A       100%        3
 Summon Guardian Golem    Hex/Summ       0%         N/A       100%        3
 Vampiric Draining        Necr           0%         2d6       100%        3
 Airstrike                Air            0%         2d(0-16)  100%        4
 Animate Armour           Summ/Erth      0%         N/A       100%        4
 Flame Wave               Conj/Fire      0%         2d4       100%        4
 Ice Form                 Ice/Tmut       0%         N/A       100%        4
 Iskenderun's Mystic Bla  Conj/Tloc      0%         2d3       100%        4
 Leda's Liquefaction      Hex/Erth       0%         N/A       100%        4
 Sticky Flame             Conj/Fire      0%         2d3       100%        4
 Summon Ice Beast         Ice/Summ       0%         N/A       100%        4
 Summon Lightning Spire   Summ/Air       0%         N/A       100%        4
 Blade Hands              Tmut           0%         N/A       100%        5
 Fireball                 Conj/Fire      0%         3d3       100%        5
 Freezing Cloud           Conj/Ice/Air   0%         6-21      100%        5
 Iskenderun's Battlesphe  Conj           0%         2d6       100%        5
 Lee's Rapid Deconstruct  Erth           0%         3d4*      100%        5
 Lightning Bolt           Conj/Air       0%         1d11      100%        5
 Yara's Violent Unravell  Hex/Tmut       0%         3d3       100%        5
 Iron Shot                Conj/Erth      0%         9d1       100%        6
 Simulacrum               Ice/Necr       0%         N/A       100%        6
 Starburst                Conj/Fire      0%         6d3       100%        6
 Statue Form              Tmut/Erth      0%         N/A       100%        6
 Enfeeble                 Hex            0%         N/A       100%        7
 Orb of Destruction       Conj           0%         9d5       100%        7
 Spellforged Servitor     Conj/Summ      0%         N/A       100%        7
 Summon Hydra             Summ           0%         N/A       100%        7
 Ignition                 Fire           0%         3d3       100%        8
 Chain Lightning          Conj/Air       0%         N/A       100%        9
 Fire Storm               Conj/Fire      0%         5d1       100%        9
 Polar Vortex             Ice            0%         N/A       100%        9
 Shatter                  Erth           0%         3d5*      100%        9
 Swiftness                Air            Unusable   N/A       N/A         3

Dungeon Overview and Level Annotations

Branches:
Dungeon (1/1)

Altars:
Ashenzari
Cheibriados
Dithmenos
Elyvilon
Fedhas
Gozag
Hepliaklqana
Kikubaaqudgha
Makhleb
Nemelex Xobeh
Okawaru
Qazlal
Ru
Sif Muna
Trog
Uskayaw
Vehumet
Wu Jian
Xom
Yredelemnul
Zin
The Shining One
Jiyva
Lugonu


Innate Abilities, Weirdness & Mutations

You cannot be hasted, slowed, berserked, paralysed or teleported.
You can dig through walls and to a lower floor.
You have a pair of large antennae on your head. (SInv)
Your four strong arms can wield two-handed weapons with a shield.


Message History

Buhyet gestures.
Lightning arcs from Buhyet's claws!
The bolt of lightning hits you!!!!
You feel protected from electricity.
A bolt of lightning appears from out of thin air!
The bolt of lightning hits Buhyet.
Buhyet resists.
You block Buhyet's attack.
There is a large open door to the Hallway of Sentries (Extremely Hard) here.
You slice Buhyet!!
Buhyet is lightly wounded.
You block Buhyet's attack.
You slash Buhyet!
Buhyet is moderately wounded.
Buhyet gestures.
Lightning arcs from Buhyet's claws!
The bolt of lightning hits you!!! You resist.
You feel more protected from electricity.
* * * LOW HITPOINT WARNING * * *
A bolt of lightning appears from out of thin air!
The bolt of lightning hits Buhyet.
Buhyet resists.
Buhyet gestures.
Lightning arcs from Buhyet's claws!
The bolt of lightning hits you!! You resist.
* * * LOW HITPOINT WARNING * * *
A bolt of lightning appears from out of thin air!
The bolt of lightning hits Buhyet.
Buhyet resists.
You feel much better.
Buhyet sneers, "Quail, thou jarring swag-bellied toady!"
Buhyet hits you but does no damage.
You feel much better. You block Buhyet's attack. Buhyet gestures at you.
The crystal spear reflects off an invisible shield around you!
The crystal spear hits Buhyet!!!
Buhyet attacks as you move away! You block Buhyet's attack.
Buhyet gestures at you.
The crystal spear is repelled.
You feel much better. Buhyet hits you but does no damage.
Buhyet gestures.
Lightning arcs from Buhyet's claws!
The bolt of lightning hits you!!! You resist.
You feel more protected from electricity.
You die...

{ { { { { { {{ {{ #+#
{ {{ {{ #.# #'#
###################'#
)).............○@&..#
)[.....)......☼.☼.).#
##))##############°§#
)[.)...#.#.#[#[[.#..#
#....#.#.#.#[#[#[#..#
.........#.#[#[[[#).#
#....#.#.#.#[##.##..#
.........#'#'#[[[#..#
#....#.#.#...#[#[#..#


You could see Buhyet.

Vanquished Creatures
  A Killer Klown (D)
  A profane servitor (D)
  3 liches (D)
  A sphinx (D)
  A storm dragon (D)
  A daeva (D)
  4 nagarajas (D)
  4 fire giants (D)
  A deep elf sorcerer (D)
  2 balrugs (D)
  An angel (D)
  3 ghost moths (D)
  18 orc warlords (D)
  A draconian stormcaller (D)
  A cacodemon (D)
  2 draconian annihilators (D)
  A war gargoyle (D)
  2 ghouls (D)
  A vampire knight (D)
  A deep elf demonologist (D)
  A spriggan defender (D)
  A green draconian (D)
  2 black draconians (D)
  Nessos (D)
  A yellow draconian (D)
  3 purple draconians (D)
  3 white draconians (D)
  2 deep elf annihilators (D)
  A green death (D)
  3 deep elf death magi (D)
  A mummy priest (D)
  A merfolk javelineer (D)
  2 yaktaur captains (D)
  A deep elf high priest (D)
  An ogre mage (D)
  An ice dragon (D)
  A hydra (D)
  An anaconda (D)
  An alligator snapping turtle (D)
  A centaur warrior (D)
  A vampire mage (D)
  A boulder beetle (D)
  5 naga warriors (D)
  2 deep elf knights (D)
  5 orc high priests (D)
  Sonja (D)
  A sea snake (D)
  An iron troll (D)
  A shadow wraith (D)
  2 sixfirhies (D)
  A bog body (D)
  3 wizards (D)
  A spriggan druid (D)
  A lindwurm (D)
  11 orc sorcerers (D)
  2 phantasmal warriors (D)
  27 orc knights (D)
  An ugly thing (D)
  A wolf spider (D)
  2 deep elf pyromancers (D)
  A cyclops (D)
  A rust devil (D)
  An elephant (D)
  2 eyes of devastation (D)
  A guardian serpent (D)
  A black mamba (D)
  2 smoke demons (D)
  4 naga magi (D)
  A molten gargoyle (D)
  2 unseen horrors (D)
  An orange demon (D)
  A komodo dragon (D)
  4 yaktaurs (D)
  2 rime drakes (D)
  3 red devils (D)
  A hellwing (D)
  A guardian mummy (D)
  5 merfolk (D)
  An ice devil (D)
  A wind drake (D)
  A tyrant leech (D)
  3 slime creatures (D)
  4 hornets (D)
  5 blink frogs (D)
  2 snapping turtles (D)
  A jumping spider (D)
  An air elemental (D)
  A flying skull (D)
  4 spriggans (D)
  A ynoxinul (D)
  A fire elemental (D)
  A vampire (D)
  A golden eye (D)
  3 yaks (D)
  A chaos spawn (D)
  A warg (D)
  A steam dragon (D)
  3 vampire mosquitoes (D)
  2 nagas (D)
  9 orc warriors (D)
  A wolf (D)
  A centaur (D)
  A kobold brigand (D)
  A bullfrog (D)
  2 necrophages (D)
  A gnoll sergeant (D)
  2 scorpions (D)
  3 wights (D)
  3 killer bees (D)
  2 orc priests (D)
  An iron imp (D)
  2 iguanas (D)
  A hell rat (D)
  A small abomination (D)
  An adder (D)
  5 gnolls (D)
  2 river rats (D)
  A white imp (D)
  An adder simulacrum (D)
  5 orcs (D)
  2 ball pythons (D)
  A bat skeleton (D)
  A bat zombie (D)
  A goblin (D)
  2 hobgoblins (D)
  5 jackals (D)
  2 quokkas (D)
  A bat (D)
  A frilled lizard (D)
  A giant cockroach simulacrum (D)
  A quokka simulacrum (D)
286 creatures vanquished.

Vanquished Creatures (collateral kills)
  A vampire knight (D)
  A spriggan berserker (D)
  A mummy (D)
3 creatures vanquished.

Vanquished Creatures (others)
  An ufetubus (D)
1 creature vanquished.

Grand Total: 290 creatures vanquished

Notes
Turn   | Place    | Note
-------+----------+-------------------------------------------
     0 | D        | wilfster70 the Formicid Fighter began the quest for the
                  | Orb.
     0 | D        | Reached XP level 1. HP: 18/18 MP: 1/1
    17 | D        | Found a bloodstained altar of Trog.
    17 | D        | Found a shimmering blue altar of Sif Muna.
    17 | D        | Found a viscous altar of Jiyva.
    17 | D        | Found a hazy altar of Hepliaklqana.
    17 | D        | Found an opulent altar of Gozag.
    18 | D        | Found a glowing golden altar of the Shining One.
    18 | D        | Found a glowing silver altar of Zin.
    18 | D        | Found a basalt altar of Yredelemnul.
    18 | D        | Found a shimmering altar of Xom.
    18 | D        | Found an ornate altar of the Wu Jian Council.
    18 | D        | Found a sacrificial altar of Ru.
    18 | D        | Found a stormy altar of Qazlal.
    18 | D        | Found an iron altar of Okawaru.
    18 | D        | Found a sparkling altar of Nemelex Xobeh.
    18 | D        | Found a burning altar of Makhleb.
    18 | D        | Found a blossoming altar of Fedhas.
    18 | D        | Found a white marble altar of Elyvilon.
    18 | D        | Found a shadowy altar of Dithmenos.
    18 | D        | Found a snail-covered altar of Cheibriados.
    19 | D        | Found a radiant altar of Vehumet.
    19 | D        | Found a corrupted altar of Lugonu.
    20 | D        | Found an ancient bone altar of Kikubaaqudgha.
    20 | D        | Found a hide-covered altar of Uskayaw.
    20 | D        | Found a broken altar of Ashenzari.
    23 | D        | Became a worshipper of Qazlal Stormbringer
    57 | D        | Reached skill level 1 in Invocations
    61 | D        | Noticed a scorpion
    66 | D        | Killed a scorpion
    67 | D        | Reached skill level 5 in Invocations
    67 | D        | Reached XP level 2. HP: 22/26 MP: 1/5
    67 | D        | Reached XP level 3. HP: 27/32 MP: 1/6
    67 | D        | Reached XP level 4. HP: 32/38 MP: 1/7
   132 | D        | Reached * piety under Qazlal
   133 | D        | Reached skill level 5 in Fighting
   133 | D        | Reached skill level 5 in Armour
   162 | D        | Noticed a scorpion
   163 | D        | Reached ** piety under Qazlal
   175 | D        | Killed a scorpion
   176 | D        | Reached skill level 5 in Staves
   176 | D        | Reached XP level 5. HP: 12/46 MP: 8/10
   375 | D        | Reached *** piety under Qazlal
   420 | D        | Noticed a bullfrog
   420 | D        | Noticed a warg
   428 | D        | Killed a bullfrog
   429 | D        | Reached XP level 6. HP: 40/53 MP: 10/12
   438 | D        | HP: 2/53 [warg (12)]
   440 | D        | Killed a warg
   456 | D        | HP: 2/55 [orc priest/divine providence (13)]
   458 | D        | Reached skill level 10 in Invocations
   458 | D        | Reached XP level 7. HP: 2/60 MP: 14/14
   460 | D        | Reached **** piety under Qazlal
   587 | D        | Reached ***** piety under Qazlal
   622 | D        | Noticed a vampire mosquito
   626 | D        | Killed a vampire mosquito
   666 | D        | Noticed a deep elf pyromancer
   666 | D        | Noticed a cyclops
   667 | D        | Killed a deep elf pyromancer
   668 | D        | Reached XP level 8. HP: 71/71 MP: 7/17
   671 | D        | Killed a cyclops
   830 | D        | Noticed a boulder beetle
   872 | D        | Killed a boulder beetle
   873 | D        | Reached skill level 10 in Fighting
   873 | D        | Reached skill level 10 in Armour
   873 | D        | Reached XP level 9. HP: 66/79 MP: 18/20
   943 | D        | Noticed a red devil
   947 | D        | Noticed a vampire knight
   951 | D        | Killed a red devil
   952 | D        | Reached skill level 15 in Invocations
   967 | D        | HP: 2/79 [vampire knight/+0 great mace (30)]
   970 | D        | Killed a vampire knight
   971 | D        | Reached skill level 10 in Staves
   971 | D        | Reached XP level 10. HP: 39/88 MP: 15/22
  1130 | D        | Reached ****** piety under Qazlal
  1314 | D        | Noticed an orange demon
  1331 | D        | Killed an orange demon
  1375 | D        | Noticed an ice devil
  1387 | D        | Killed an ice devil
  1474 | D        | Noticed Sonja
  1475 | D        | Killed Sonja
  1523 | D        | Noticed a sea snake
  1524 | D        | Noticed a spriggan rider
  1524 | D        | Noticed a nagaraja
  1524 | D        | Noticed an unseen horror
  1524 | D        | Noticed a rime drake
  1525 | D        | Killed an unseen horror
  1525 | D        | Killed a rime drake
  1525 | D        | Killed a nagaraja
  1525 | D        | Killed a sea snake
  1526 | D        | Reached XP level 11. HP: 98/98 MP: 14/24
  1604 | D        | Noticed a phantasmal warrior
  1605 | D        | Killed a phantasmal warrior
  1612 | D        | Noticed a phantasmal warrior
  1613 | D        | Killed a phantasmal warrior
  1705 | D        | Noticed a lindwurm
  1707 | D        | Killed a lindwurm
  1925 | D        | Noticed a bog body
  1928 | D        | Killed a bog body
  1929 | D        | Reached XP level 12. HP: 108/108 MP: 17/26
  1985 | D        | Noticed an alligator snapping turtle
  1996 | D        | Killed an alligator snapping turtle
  2112 | D        | Noticed a sixfirhy
  2113 | D        | Killed a sixfirhy
  2114 | D        | Reached skill level 15 in Fighting
  2114 | D        | Reached skill level 15 in Armour
  2180 | D        | Found the +13 scythe of Curses {drain, Drain}
  2180 | D        | Noticed a sixfirhy
  2180 | D        | Noticed a black draconian
  2181 | D        | Killed a sixfirhy
  2181 | D        | Killed a black draconian
  2191 | D        | Got the ring "Riokk" {Wiz rN+}
  2234 | D        | Noticed a mummy priest
  2234 | D        | Noticed a ghoul
  2235 | D        | Killed a spriggan druid
  2235 | D        | Killed a mummy priest
  2235 | D        | Noticed a ghoul
  2236 | D        | Killed a ghoul
  2236 | D        | Killed a ghoul
  2237 | D        | Reached XP level 13. HP: 108/119 MP: 9/29
  2466 | D        | Noticed a merfolk javelineer
  2468 | D        | Killed a merfolk javelineer
  2655 | D        | Got the +4 chain mail of Masochism {rPois Regen+ Dex+2}
  2703 | D        | Noticed a ghost moth
  2707 | D        | Noticed an orc warlord
  2707 | D        | Noticed an orc warlord
  2724 | D        | Killed a ghost moth
  2725 | D        | Reached skill level 5 in Shields
  2780 | D        | Killed an orc warlord
  2783 | D        | Killed an orc warlord
  2877 | D        | Reached skill level 1 in Evocations
  2885 | D        | Noticed a cacodemon
  2888 | D        | Killed a cacodemon
  2888 | D        | Killed a yaktaur captain
  2889 | D        | Reached XP level 14. HP: 131/131 MP: 22/31
  2902 | D        | Reached skill level 27 in Invocations
  3168 | D        | Found the +3 greatsling "Punk" {acid, rCorr}
  3322 | D        | Noticed Nessos
  3326 | D        | Reached skill level 10 in Evocations
  3328 | D        | Killed Nessos
  3329 | D        | Reached skill level 10 in Shields
  3388 | D        | Noticed a fire giant
  3388 | D        | Noticed a purple draconian
  3392 | D        | Noticed a lich
  3408 | D        | Killed a lich
  3412 | D        | Killed a fire giant
  3415 | D        | Killed a purple draconian
  3618 | D        | Noticed a green draconian
  3619 | D        | Noticed a yellow draconian
  3619 | D        | Noticed a nagaraja
  3621 | D        | Noticed a deep elf sorcerer
  3622 | D        | Killed a deep elf sorcerer
  3622 | D        | Killed a green draconian
  3622 | D        | Killed a yellow draconian
  3622 | D        | Killed a nagaraja
  3635 | D        | Noticed a black draconian
  3637 | D        | Noticed a yellow draconian annihilator
  3637 | D        | Noticed a lich
  3638 | D        | Killed a lich
  3638 | D        | Killed a yellow draconian annihilator
  3638 | D        | Killed a black draconian
  3639 | D        | Reached XP level 15. HP: 141/144 MP: 18/32
  3640 | D        | Noticed a war gargoyle
  3646 | D        | Killed a war gargoyle
  3683 | D        | Reached skill level 15 in Evocations
  3734 | D        | Noticed a balrug
  3739 | D        | Killed a balrug
  3741 | D        | Noticed a fire giant
  3750 | D        | Noticed a lich
  3754 | D        | Killed a fire giant
  3754 | D        | Killed a lich
  3755 | D        | Reached skill level 15 in Shields
  3811 | D        | Noticed a yellow draconian annihilator
  3817 | D        | Killed a yellow draconian annihilator
  4075 | D        | Noticed a nagaraja
  4088 | D        | Killed a nagaraja
  4211 | D        | Got the Disquisition on Blasphemous Arts and Damage Dealing
  4215 | D        | Got the Grimoire of Assembling and Terra Firma
  4220 | D        | Got the Lessons on Incandescence
  4225 | D        | Got the Codex of the Fulgurous Chill
  4252 | D        | Got the ring "Ucouzoeg" {*Slow rPois AC+6 Int+2 Stlth+}
  4255 | D        | Got the ring "Diorer" {Wiz rC+}
  4258 | D        | Got the ring of Xom's Attic {rPois rN+ Int+3}
  4261 | D        | Got the ring "Wucisen" {rF+ MP+9 Dex+2}
  4263 | D        | Got the ring "Tiosim" {rC+ rN+ Str+6 Int-2}
  4266 | D        | Got the ring of Xom's Full Attention {*Slow rPois Will+++
                  | rCorr Dex+6}
  4270 | D        | Got the ring "Ruer Gusacw" {Fire Int+4}
  4273 | D        | Got the ring "Bitsohodgh" {Wiz rF+ Int+3}
  4276 | D        | Got the ring "Ujinosm" {rN+ Str+3 Int+6 Dex+3}
  4278 | D        | Got the ring of the Cicada {rC- rCorr Int+6 Dex+6}
  4281 | D        | Got the ring "Yherulint" {Fire rElec Dex+4 Slay+2}
  4283 | D        | Got the ring of Dili Nod {rPois rF- rC+ Int+6 Dex+3}
  4286 | D        | Got the ring "Pearut" {rCorr EV+6 Dex+2}
  4300 | D        | Got the amulet of Neith {Reflect Rampage Str+4 SH+5}
  4310 | D        | Got the amulet "Rymono Fimi" {Reflect Rampage rElec SH+5}
  4313 | D        | Got the amulet "Tustutz" {rC+ Regen+ Dex+4}
  4315 | D        | Got the amulet "Kiwoczumn" {RegenMP Will+}
  4318 | D        | Got the amulet of Pyromania {Reflect rN+ Dex+6 SH+5}
  4320 | D        | Got the amulet "Suzaf" {Reflect rPois Will+ Slay+3 SH+5}
  4327 | D        | Got the amulet "Jipe Osi" {RegenMP Dex+3}
  4330 | D        | Got the amulet of the Open Hand {RegenMP rElec Will- Dex+4}
  4333 | D        | Got the ring "Dyxorch" {rF+ rC++ Will+ rCorr MP+9 Str-2}
  4337 | D        | Got the amulet "Ucicotio" {Reflect Harm rElec Dex+2 Slay-3
                  | SH+5}
  4340 | D        | Got the ring of the Empire {rF+ Slay+4}
  4343 | D        | Got the amulet of Ulepodeurgh {Reflect rC+ Int+2 SH+5}
  4346 | D        | Got the amulet "Maowkuwn" {Faith rC+ Str+4 Dex+4}
  4349 | D        | Got the amulet "Egegiobo" {Reflect Harm Slay+3 SH+5}
  4430 | D        | Noticed a ghost moth
  4430 | D        | Noticed a fire giant
  4443 | D        | Killed a ghost moth
  4615 | D        | Killed a fire giant
  4775 | D        | Noticed a white draconian stormcaller
  4776 | D        | Noticed a spriggan defender
  4777 | D        | Killed a spriggan defender
  4777 | D        | Killed a white draconian stormcaller
  4784 | D        | Noticed a daeva
  4791 | D        | Killed a ghost moth
  4795 | D        | Noticed an angel
  4797 | D        | Noticed a fire giant
  4798 | D        | Killed a daeva
  4799 | D        | Killed a fire giant
  4803 | D        | Killed an angel
  4804 | D        | Reached XP level 16. HP: 40/159 MP: 23/33
  5113 | D        | Noticed a Killer Klown
  5113 | D        | Noticed a sphinx
  5120 | D        | Killed a sphinx
  5124 | D        | Killed a Killer Klown
  5136 | D        | Noticed a storm dragon
  5140 | D        | Killed a storm dragon
  5146 | D        | Noticed a profane servitor
  5161 | D        | Killed a profane servitor
  5171 | D        | Noticed a nagaraja
  5174 | D        | Killed a nagaraja
  5487 | D        | Reached skill level 27 in Fighting
  5487 | D        | Reached skill level 27 in Evocations
  5487 | D        | Reached XP level 17. HP: 174/174 MP: 34/34
  5489 | D        | Identified the +9 halberd of Resumed Hostilities {pain, rC-
                  | rN+ SInv}
  5559 | D        | Got a silver rune of Zot
  5695 | D        | Noticed Buhyet the pandemonium lord
  5704 | D        | Killed from afar by Buhyet the pandemonium lord

Illustrated notes

Levels and vault maps discovered:
D:        pitsprint [storerooms_1, entrance_room_1, metal_vault_6, armoury_3,
          mini_pit_1, grid_room_1, main_hall_1, silver_pit, the_coven_1,
          the_vestibule_1, steel_vault_3, golden_pit, hallway_of_sentries,
          crystal_vault_1, iron_vault_4, final_vault]

Skill      XL: |  1  2  3  4  5  6  7  8  9 10 11 12 13 14 15 16 17 |
---------------+----------------------------------------------------+-----
Invocations    | 5 7 8 10 13 14 16 19 21 24 26 27 | 27.0
Fighting       | 4 5 6 7 9 10 11 13 14 16 18 21 23 27 | 27.0
Staves         | 4 5 6 8 9 10 12 13 14 | 14.0
Armour         | 4 5 6 7 9 10 11 13 14 16 18 | 18.1
Shields        | 9 13 16 | 16.6
Evocations     | 4 14 21 27 | 27.0
Ranged Weapons | 11 14 | 14.5

Action                   |  1- 3 |  4- 6 |  7- 9 | 10-12 | 13-15 | 16-18 || total
-------------------------+-------+-------+-------+-------+-------+-------++-------
Melee: Quarterstaff      |     6 |    54 |    61 |    60 |   105 |       ||   286
       Lajatang          |       |       |       |       |    84 |    40 ||   124
Invok: Disaster Area     |       |       |     1 |    11 |    19 |     7 ||    38
       Elemental Force   |       |       |     1 |     2 |     1 |       ||     4
Evoke: Condenser vane    |       |       |       |       |       |     1 ||     1
  Use: Potion            |       |     4 |     7 |       |     1 |     3 ||    15
       Scroll            |       |       |       |     2 |     2 |     6 ||    10
 Stab: Paralysed         |       |       |     1 |       |       |       ||     1
Armor: Scale mail        |     2 |     1 |       |       |       |       ||     3
       Plate armour      |       |     9 |    15 |    17 |     4 |       ||    45
       Chain mail        |       |       |       |       |    13 |       ||    13
       Gold dragon scale |       |       |       |       |    23 |    14 ||    37
Dodge: Dodged            |     2 |     8 |    14 |    12 |    38 |     4 ||    78
       Repelled          |       |       |       |       |     2 |     1 ||     3
Block: Buckler           |       |    29 |    15 |    20 |       |       ||    64
       Kite shield       |       |       |       |     6 |    66 |       ||    72
       Tower shield      |       |       |       |       |    74 |    50 ||   124
       Reflection        |       |       |       |       |     2 |     3 ||     5

Table legend: (Time is in decaauts)
 A = Elapsed time spent in this place.
 B = Non-inter-level travel time spent in this place.
 C = Inter-level travel time spent in this place.
 D = Time resting spent in this place.
 E = Time spent auto-exploring this place.
 F = Levels seen in this place.
 G = Mean time per level.
                   A        B        C        D        E       F      G
               +--------+--------+--------+--------+--------+-----+--------+
         Total |   5594 |   5550 |     44 |   2982 |      0 |   1 | 5594.0 |
       Dungeon |   5594 |   5550 |     44 |   2982 |      0 |   1 | 5594.0 |
               +--------+--------+--------+--------+--------+-----+--------+

Top non-repeatable levels by time:
       D: 5594 daAuts
